Map: Frost LE

Players

PtitDrogo - Winner!

  • Race: Protoss Protoss
  • League: Master

Tarrantius

  • Race: Protoss Protoss
  • League: Master

Event: DreamHack ZOWIE Open Valencia 2016

VOD

Have the link to the VOD?

Description

Time

  • Played on: July 14, 2016, 11:43 a.m.
  • Length: 13:35

All games in this series

Show
View Real Time Build Order
Export as new Build Order

PtitDrogo Protoss - Winner!

Build Orders:  

Get SALT Encoding   

  12  0:00  Probe (Chrono Boost)  
  13  0:11  Probe (Chrono Boost)  
  14  0:18  Pylon  
  14  0:22  Probe (Chrono Boost)  
  15  0:36  Probe (Chrono Boost), Gateway  
  15  0:41  Assimilator  
  16  0:46  Probe (Chrono Boost)  
  17  0:57  Probe (Chrono Boost)  
  17  0:58  Assimilator  
  18  1:08  Probe (Chrono Boost)  
  18  1:09  Gateway  
  19  1:18  Probe (Chrono Boost)  
  20  1:24  Cybernetics Core  
  20  1:29  Probe (Chrono Boost)  
  20  1:31  Pylon  
  21  1:39  Probe (Chrono Boost)  
  22  1:46  Warp Gate  
  22  1:50  Probe (Chrono Boost)  
  23  2:00  Stalker x2  
  27  2:12  Mothership Core (Chrono Boost)  
  29  2:16  Pylon  
  29  2:32  Probe (Chrono Boost)  
  29  2:36  Stalker x2  
  35  2:45  Probe (Chrono Boost)  
  35  3:06  Stalker x2  
  39  3:16  Pylon  
  38  3:29  Nexus  
  38  3:31  Pylon  
  39  3:35  Probe (Chrono Boost)  
  39  3:41  Robotics Facility  
  39  3:51  Probe (Chrono Boost)  
  39  3:54  Sentry x2  
  44  4:01  Probe (Chrono Boost)  
  45  4:05  Twilight Council  
  45  4:12  Probe (Chrono Boost)  
  46  4:23  Probe (Chrono Boost)  
  47  4:30  Blink  
  47  4:38  Observer  
  47  4:41  Phoenix  
  47  4:42  Probe x2 (Chrono Boost)  
  50  4:48  Pylon  
  52  4:54  Probe x2 (Chrono Boost)  
  52  4:56  Immortal  
  52  5:06  Probe x2 (Chrono Boost)  
  58  5:12  Nexus  
  58  5:16  Pylon  
  58  5:20  Probe (Chrono Boost)  
  60  5:21  Phoenix  
  60  5:22  Probe (Chrono Boost)  
  60  5:32  Immortal  
  60  5:38  Probe x2 (Chrono Boost)  
  66  5:44  Gateway  
  66  5:45  Gateway  
  66  5:49  Sentry  
  68  5:51  Assimilator  
  68  5:53  Assimilator  
  68  5:54  Probe (Chrono Boost)  
  70  5:58  Probe (Chrono Boost)  
  70  6:02  Sentry  
  72  6:06  Gateway x2  
  72  6:13  Probe (Chrono Boost)  
  72  6:14  Immortal  
  72  6:15  Probe (Chrono Boost)  
  74  6:24  Probe (Chrono Boost)  
  80  6:26  Probe (Chrono Boost)  
  80  6:29  Stalker  
  82  6:33  Stalker  
  82  6:35  Pylon  
  85  6:40  Probe (Chrono Boost)  
  85  6:45  Probe (Chrono Boost)  
  87  6:47  Probe (Chrono Boost)  
  87  6:51  Warp Prism  
  89  6:55  Probe (Chrono Boost)  
  89  6:56  Probe (Chrono Boost)  
  91  7:06  Probe x2 (Chrono Boost)  
  91  7:07  Probe (Chrono Boost)  
  94  7:08  Pylon  
  94  7:12  Pylon  
  94  7:18  Probe (Chrono Boost)  
  94  7:19  Probe x2 (Chrono Boost)  
  97  7:24  Pylon, Stalker x2, Observer  
  97  7:27  Stalker x3  
  109  7:30  Probe (Chrono Boost)  
  109  7:32  Probe (Chrono Boost)  
  110  7:43  Stalker  
  112  7:52  Probe (Chrono Boost)  
  112  7:53  Probe x2 (Chrono Boost)  
  112  7:54  Stalker x5  
  125  8:15  Assimilator  
  125  8:16  Assimilator  
  125  8:18  Pylon  
  125  8:20  Pylon  
  125  8:22  Pylon  
  125  8:24  Pylon  
  125  8:34  Pylon  
  125  8:36  Probe (Chrono Boost)  
  125  8:38  Stalker x6, Pylon, Probe (Chrono Boost)  
  139  8:41  Forge  
  139  8:48  Immortal  
  139  8:53  Pylon  
  143  9:01  Stalker x6  
  155  9:05  Robotics Bay  
  155  9:07  Protoss Ground Weapons Level 1  
  155  9:11  Pylon  
  155  9:14  Photon Cannon  
  155  9:16  Photon Cannon  
  155  9:19  Photon Cannon  
  155  9:53  Robotics Facility  
  155  9:54  Disruptor  
  158  10:01  Charge  
  158  10:20  Pylon  
  154  10:30  Disruptor  
  154  10:33  Stalker x5  
  154  10:34  Stalker  
  169  10:37  Nexus  
  169  10:38  Pylon  
  163  10:59  Stalker  
  163  11:00  Stalker x5  
  163  11:01  Disruptor  
  163  11:03  Disruptor  
  178  11:12  Gateway  
  178  11:13  Gateway  
  178  11:15  Gateway  
  146  11:29  Stalker x3  
  146  11:30  Stalker x3  
  144  11:34  Disruptor  
  144  11:36  Disruptor  
  126  11:54  Photon Cannon  
  126  11:55  Probe (Chrono Boost)  
  126  11:56  Probe (Chrono Boost)  
  126  12:05  Disruptor  
  124  12:11  Zealot x2  
  124  12:12  Zealot x4, Disruptor  
  138  12:20  Assimilator  
  138  12:24  Assimilator  
  138  12:25  Pylon  
  138  12:29  Stalker x3  
  144  12:33  Stalker  
  144  12:34  Stalker x5  
  126  13:00  Stalker x8  
  126  13:01  Stalker  
  123  13:25  Stalker x2  
  123  13:26  Stalker x4  
Show
View Real Time Build Order
Export as new Build Order

Tarrantius Protoss 

Build Orders:  

Get SALT Encoding   

  12  0:00  Probe (Chrono Boost)  
  13  0:11  Probe (Chrono Boost)  
  14  0:17  Pylon  
  14  0:22  Probe (Chrono Boost)  
  15  0:35  Probe (Chrono Boost)  
  16  0:36  Gateway  
  16  0:42  Assimilator  
  16  0:46  Probe (Chrono Boost)  
  17  0:51  Assimilator  
  17  0:57  Probe (Chrono Boost)  
  18  1:07  Probe (Chrono Boost)  
  18  1:10  Gateway  
  19  1:18  Probe (Chrono Boost)  
  20  1:25  Cybernetics Core  
  20  1:29  Probe (Chrono Boost)  
  21  1:39  Pylon, Probe (Chrono Boost)  
  22  1:47  Warp Gate  
  22  1:50  Probe (Chrono Boost)  
  23  2:04  Stalker, Mothership Core (Chrono Boost)  
  27  2:10  Pylon  
  27  2:19  Stalker  
  29  2:34  Stalker  
  32  2:45  Probe (Chrono Boost)  
  32  2:49  Stalker  
  34  3:06  Nexus  
  33  3:23  Gateway  
  33  3:30  Pylon  
  34  3:34  Probe (Chrono Boost)  
  34  3:41  Pylon  
  34  3:49  Stalker  
  34  3:50  Stalker  
  34  3:54  Probe (Chrono Boost)  
  39  4:06  Probe (Chrono Boost)  
  40  4:10  Robotics Facility  
  40  4:13  Sentry  
  40  4:14  Sentry  
  44  4:20  Probe (Chrono Boost)  
  44  4:21  Probe (Chrono Boost)  
  46  4:31  Probe x2 (Chrono Boost)  
  48  4:40  Twilight Council  
  48  4:41  Probe (Chrono Boost)  
  48  4:42  Probe (Chrono Boost)  
  50  4:46  Sentry  
  54  4:53  Probe x2 (Chrono Boost)  
  54  4:54  Observer  
  55  5:00  Blink  
  55  5:03  Probe (Chrono Boost)  
  55  5:05  Probe (Chrono Boost)  
  57  5:11  Immortal  
  58  5:14  Probe (Chrono Boost)  
  58  5:17  Probe (Chrono Boost)  
  63  5:25  Pylon  
  63  5:27  Probe (Chrono Boost)  
  65  5:30  Probe (Chrono Boost)  
  65  5:39  Nexus  
  65  5:42  Pylon  
  66  5:43  Probe (Chrono Boost)  
  66  5:47  Immortal  
  66  5:49  Probe (Chrono Boost)  
  71  5:59  Probe (Chrono Boost)  
  71  6:01  Assimilator, Probe (Chrono Boost)  
  71  6:03  Assimilator  
  73  6:05  Dark Shrine  
  74  6:11  Probe (Chrono Boost)  
  74  6:13  Probe (Chrono Boost)  
  75  6:23  Probe (Chrono Boost)  
  77  6:26  Probe (Chrono Boost)  
  77  6:29  Gateway  
  77  6:33  Warp Prism, Gateway x2  
  77  6:35  Probe (Chrono Boost)  
  77  6:38  Probe (Chrono Boost)  
  81  6:40  Sentry  
  81  6:41  Sentry  
  86  6:47  Probe (Chrono Boost)  
  86  6:53  Probe (Chrono Boost)  
  87  6:55  Gateway  
  87  6:59  Gateway  
  85  7:05  Stalker x2  
  92  7:15  Probe x2 (Chrono Boost)  
  92  7:16  Probe (Chrono Boost)  
  92  7:17  Dark Templar  
  92  7:19  Immortal  
  92  7:21  Charge  
  94  7:28  Probe (Chrono Boost)  
  94  7:29  Probe (Chrono Boost)  
  101  7:30  Probe (Chrono Boost)  
  101  7:32  Assimilator  
  101  7:36  Assimilator  
  101  7:42  Pylon  
  101  7:43  Pylon  
  101  7:56  Forge  
  101  8:01  Stalker x4, Probe (Chrono Boost)  
  101  8:02  Probe x2 (Chrono Boost)  
  110  8:11  Forge, Probe (Chrono Boost)  
  109  8:16  Robotics Bay  
  109  8:19  Robotics Bay, Protoss Ground Weapons Level 1  
  109  8:26  Probe (Chrono Boost)  
  112  8:27  Probe x2 (Chrono Boost)  
  112  8:29  Pylon  
  112  8:37  Probe (Chrono Boost)  
  112  8:39  Probe x2 (Chrono Boost)  
  115  8:51  Pylon, Photon Cannon  
  115  8:52  Photon Cannon  
  115  8:58  Nexus  
  115  8:59  Pylon  
  115  9:01  Pylon  
  115  9:03  Pylon  
  115  9:05  Disruptor  
  115  9:06  Pylon  
  118  9:12  Robotics Facility  
  118  9:20  Probe x2 (Chrono Boost)  
  118  9:23  Photon Cannon  
  120  9:27  Photon Cannon x2  
  120  9:30  Pylon  
  119  9:31  Zealot  
  119  9:32  Zealot  
  119  9:34  Dark Templar  
  118  9:41  Disruptor  
  118  9:42  Assimilator  
  116  9:45  Assimilator  
  116  9:54  Disruptor  
  116  9:55  Pylon  
  116  9:56  Pylon  
  119  10:04  Templar Archives  
  119  10:12  Disruptor  
  119  10:20  Probe (Chrono Boost)  
  123  10:25  Disruptor  
  123  10:30  Probe (Chrono Boost)  
  121  10:40  High Templar  
  121  10:41  High Templar x3  
  129  10:43  Pylon, Protoss Ground Weapons Level 2, Disruptor  
  129  10:45  Pylon  
  129  10:49  Zealot x4  
  138  11:03  Disruptor  
  139  11:14  Disruptor  
  136  11:25  Zealot x8  
  137  11:34  Disruptor  
  129  11:45  Disruptor  
  129  11:46  Archon x2  
  110  11:51  Zealot  
  110  11:52  Zealot x5  
  113  12:07  Disruptor  
  107  12:08  Zealot x2  
  111  12:20  Disruptor  
  111  12:21  Probe (Chrono Boost)  
  111  12:22  Probe x2 (Chrono Boost)  
  117  12:23  Probe (Chrono Boost)  
  117  12:24  High Templar x4  
  126  12:32  Probe (Chrono Boost)  
  126  12:33  Probe (Chrono Boost)  
  126  12:34  Probe x2 (Chrono Boost)  
  130  12:38  Archon x2  
  130  12:42  Disruptor  
  122  12:49  Zealot x4  
  106  12:56  Zealot x3  
  106  12:57  Zealot  
  83  13:11  Zealot  
  83  13:12  Zealot x2  
  77  13:13  Zealot  
  64  13:25  High Templar x2  
  64  13:26  High Templar x2  
  67  13:30  Archon  

Tags
 
Add a new tag
Caveats
  • Supply blocks, unpowered buildings, or Contaminate may cause inaccurate times.
  • Supply counts are checked every 10 seconds.